 Dungeon Crawl Stone Soup version 0.17.0-18-gaab0e96 (webtiles) character file.

469 TruthSerum the Skirmisher (level 7, 0/79 HPs)
             Began as an Ogre Berserker on Nov 11, 2015.
             Was a Priest of Trog.
             Slain by a phantom (4 damage)
             ... on level 4 of the Dungeon.
             The game lasted 00:17:39 (3693 turns).

TruthSerum the Skirmisher (Ogre Berserker)          Turns: 3693, Time: 00:17:39

Health: 0/79       AC:  3    Str: 23    XL:     7   Next: 9%
Magic:  7/7        EV: 10    Int:  6    God:    Trog [***...]
Gold:   155        SH:  0    Dex: 11    Spells: 0 memorised, 6 levels left

rFire  + . .     SeeInvis .     r - +1 whip (drain)
rCold  + . .     Clarity  .     b - +0 animal skin
rNeg   . . .     SustAt   .     (no shield)
rPois  .         Gourm    .     (helmet restricted)
rElec  .         Spirit   .     (no cloak)
rCorr  .         Warding  .     (gloves unavailable)
rMut   .         Stasis   .     (boots unavailable)
MR     .....                    (no amulet)
Stlth  +.........               w - ring of protection from fire
                                i - ring of protection from cold

@: very slightly contaminated, hasted, very quick, not resistant to hostile
enchantments, very unstealthy
A: unfitting armour, tough skin 1
a: Berserk, Trog's Hand, Burn Spellbooks, Renounce Religion


You were on level 4 of the Dungeon.
You worshipped Trog.
Trog was most pleased with you.
You were very hungry.

You visited 1 branch of the dungeon, and saw 4 of its levels.

You collected 155 gold pieces.

Inventory:

Hand Weapons
 a - a +0 mace
 r - a +1 whip of draining (weapon)
 y - a +0 giant spiked club
Armour
 b - a +0 animal skin (worn)
Jewellery
 i - a ring of protection from cold (left hand)
 w - a ring of protection from fire (right hand)
 x - an uncursed ring of positive energy
Scrolls
 d - a scroll of remove curse {unknown}
 e - 5 scrolls of identify {unknown}
 h - 2 scrolls of recharging {unknown}
 k - a scroll of fear {unknown}
 l - a scroll of random uselessness {unknown}
 m - 4 scrolls of magic mapping {unknown}
 p - a scroll of immolation {unknown}
 s - 2 scrolls of teleportation {unknown}
Potions
 f - a potion of degeneration {unknown}
 o - a potion of agility {unknown}
 t - a potion of cure mutation {unknown}
 u - a potion of mutation {unknown}
 v - a potion of might {unknown}
Comestibles
 c - 2 bread rations
 g - a meat ration
 n - 4 fruits
 q - a slice of pizza


   Skills:
 + Level 7.9 Fighting
 + Level 7.6 Maces & Flails
 - Level 2.6 Dodging


You had 6 spell levels left.
You didn't know any spells.

Dungeon Overview and Level Annotations

Branches:
Dungeon (4/15)
 Temple: D:4-7

Altars:
Dithmenos
Gozag
Nemelex Xobeh
Zin
The Shining One


Innate Abilities, Weirdness & Mutations

You are too large for most types of armour.
You have tough skin (AC +1).


Message History

You are very lightly contaminated with residual magic.
You closely miss the phantom.
The phantom is severely damaged.
The phantom hits you.
* * * LOW HITPOINT WARNING * * *
The phantom blinks!
You are too injured to fight recklessly!
You are too injured to fight recklessly!
You are too injured to fight recklessly!
You are too injured to fight recklessly!
The phantom hits you.
* * * LOW HITPOINT WARNING * * *
You hit the phantom.
The phantom is severely damaged.
The phantom blinks!
You feel less exhausted.
You whack the phantom!
The phantom is almost destroyed.
The phantom hits you.
You die...

#.# #.# #.####
##....##.#
#######.).......
.......))##.###.
########)# .#
#W# # #@# #.#
#.# # ##.# #####
#..# ..### ....#
#.## #.#.. ...
###.## #.# #.#.#
#.# .##..# #.#
#.#.# #.# ..#..#
#.# #.#.# #.#


You could see a phantom.

Vanquished Creatures
  An ogre (D:4)
  A scorpion (D:4)
  A hound (D:4)
  An orc priest (D:4)
  Jessica (D:2)
  Terence (D:2)
  An orc wizard (D:4)
  7 adders
  3 gnolls (D:4)
  An ooze (D:2)
  An adder skeleton (D:4)
  2 worms
  5 giant geckos
  7 orcs (D:4)
  5 giant cockroaches
  7 hobgoblins
  14 jackals
  7 kobolds
  A quokka (D:3)
  A ball python (D:2)
  4 bats
  4 giant newts
  9 goblins
  3 rats
88 creatures vanquished.

Notes
Turn   | Place    | Note
--------------------------------------------------------------
     0 | D:1      | TruthSerum the Ogre Berserker began the quest for the Orb.
     0 | D:1      | Reached XP level 1. HP: 24/24 MP: 1/1
   146 | D:1      | Reached XP level 2. HP: 27/33 MP: 2/2
   589 | D:1      | Reached XP level 3. HP: 17/41 MP: 3/3
   593 | D:1      | Reached skill level 5 in Fighting
   635 | D:1      | Reached ** piety under Trog
   962 | D:2      | Reached skill level 5 in Maces & Flails
  1254 | D:2      | Found a sparkling altar of Nemelex Xobeh.
  1325 | D:2      | Reached XP level 4. HP: 50/50 MP: 4/4
  1481 | D:2      | Found a glowing silver altar of Zin.
  1695 | D:2      | Noticed Terence
  1721 | D:2      | Killed Terence
  2023 | D:2      | Reached skill level 6 in Fighting
  2093 | D:2      | Reached XP level 5. HP: 59/59 MP: 5/5
  2276 | D:2      | Noticed Jessica
  2282 | D:2      | Killed Jessica
  2567 | D:3      | Found an opulent altar of Gozag.
  2778 | D:3      | Reached *** piety under Trog
  2898 | D:3      | Found a glowing golden altar of the Shining One.
  3228 | D:4      | Found a shadowy altar of Dithmenos.
  3269 | D:4      | Reached skill level 7 in Fighting
  3269 | D:4      | Reached XP level 6. HP: 69/71 MP: 6/6
  3635 | D:4      | Noticed a phantom
  3635 | D:4      | Noticed an ogre
  3655 | D:4      | Killed an ogre
  3655 | D:4      | Reached XP level 7. HP: 34/79 MP: 7/7
  3687 | D:4      | HP: 3/79 [phantom (2)]
  3693 | D:4      | Slain by a phantom

Action                   |  1- 3 |  4- 6 |  7- 9 || total
-------------------------+-------+-------+-------++-------
Melee: Mace              |   107 |    87 |       ||   194
       Whip              |       |   125 |    19 ||   144
Invok: Berserk           |     1 |     1 |       ||     2
  Use: Potion            |       |       |     1 ||     1
 Stab: Sleeping          |       |     2 |       ||     2
  Eat: Chunk             |     2 |     8 |       ||    10
